[Event "Indian Blitz Championship 2023"]
[Site "Nashik"]
[Date "2024.03.07"]
[Round "8.8"]
[White "Laxman, R.R."]
[Black "Dinesh Rajan M"]
[Result "1-0"]
[ECO "E17"]
[WhiteElo "2331"]
[BlackElo "1948"]
[Annotator "TA"]
[PlyCount "181"]
[EventDate "2024.03.07"]
[EventType "blitz"]
[EventCountry "IND"]
[SourceTitle "playchess.com"]
[Source "ChessBase"]
[SourceQuality "1"]
[TimeControl "180+2"]

1. d4 d5 2. Nf3 Nf6 3. c4 e6 4. g3 Be7 5. Bg2 O-O 6. O-O b6 7. cxd5 exd5 8. Nc3 Bb7 9. b3 Nbd7 10. Bb2 Rc8 11. Rc1 Ne4 12. Nb5 a6 {[%emt 0:00:03] Die Stellung ist ausgeglichen.} 13. Na7 Ra8 14. Nc6 Bxc6 15. Rxc6 Nb8 (15... Bd6 $14) 16. Rc2 Bf6 (16... Nf6 $142) 17. Nd2 (17. Ne5 $16) 17... Nxd2 $14 18. Qxd2 c5 $2 19. dxc5 $18 {[%emt 0:00:04] c6 wäre nun fies.} Bxb2 20. Rxb2 bxc5 21. Qxd5 Qxd5 22. Bxd5 Ra7 23. Rc1 Rc7 24. Rbc2 Rfc8 25. e4 Nd7 26. b4 Kf8 27. a4 Ke7 28. a5 f6 29. f4 {[%emt 0:00:08] Weiß steht aktiver.} Kd6 30. bxc5+ Rxc5 31. Rxc5 Rxc5 $16 {[%emt 0:00:09][%mdl 4096] Endspiel. KRB-KRN} 32. Rd1 (32. Ra1 $1 $16) 32... Ke7 (32... Rxa5 $14 33. Bg8+ Ke7) 33. Ra1 Rc2 34. Ra2 Rxa2 35. Bxa2 {[%emt 0:00:01] KB-KN} Nc5 36. Bc4 Nb7 37. Kf2 Nxa5 38. Bxa6 Nc6 39. Ke3 Kd6 40. Bb5 {[%emt 0:00:07] Und jetzt Bxc6 wäre schön.} Ne7 41. Kd4 Ng6 42. Be8 {[%emt 0:00:07] Droht Matt per Bxg6.} Nf8 43. Bf7 Ke7 44. Bd5 Nd7 45. e5 fxe5+ 46. fxe5 Nf8 47. Ke4 Nd7 48. h4 h6 49. Kf5 Nf8 50. h5 Nd7 51. g4 Nf8 52. Bb3 Ke8 53. Bc2 Ke7 54. Bb3 Ke8 55. e6 (55. Be6 $16) 55... Ke7 $14 56. Bd5 (56. Ba2 $14) 56... Kd6 $16 57. Bb3 Ke7 58. Ke5 Nh7 59. Bc2 (59. Bc4 $16) 59... Nf6 (59... Ng5 $11 {bleibt in der Remisbreite.}) 60. Bf5 Ne8 61. Bg6 ({Vorzuziehen ist} 61. Bd3 $16) 61... Nf6 $11 62. Kf5 Nd5 63. Bf7 Kf8 64. Bg6 Ke7 65. Ke5 Nf6 66. Bf5 ({Günstiger ist} 66. Bd3 $11) 66... Ne8 $1 $16 67. Bc2 Nf6 68. Kf5 Nd5 69. Bd3 (69. Be4 $16 Nf6 70. Bb1) 69... Nc7 $2 {[%emt 0:00:03][%mdl 8192] [#]} (69... Kd6 $11) 70. Bc4 $2 (70. Kg6 $1 $18 Ne8 71. Bb5) 70... Ne8 $2 (70... Kf8 $16) 71. Kg6 $18 Kf8 {[%emt 0:00:01] [#]} 72. Bb5 $2 (72. Be2 $1 $18 {ist der präzise Gewinnweg.} Ke7 73. Bb5) 72... Nf6 73. g5 hxg5 74. h6 ({Besser ist} 74. Kxg5 $16 {Weiss droht h6 und Matt.} Ng8 75. Ba4) 74... Kg8 $2 (74... g4 $14) 75. hxg7 {[%emt 0:00:03] Weiß setzt Matt.} ({Nicht} 75. Kxg5 Nd5 $11) 75... Nd5 76. Bc4 ({Schwächer ist} 76. Kxg5 Kxg7 77. Bd7 Nc7 $11) 76... Ne7+ 77. Kf6 $1 ({Minderwertig wäre} 77. Kxg5 Kxg7 78. Bb5 Kf8 $11) 77... g4 78. Kxe7 Kxg7 {[%emt 0:00:00] KB-KP} 79. Kd7 g3 80. Bd5 Kf6 81. e7 Ke5 82. Bg2 Kf4 83. e8=Q Kf5 84. Qe4+ Kg5 85. Qf3 Kh4 86. Qf4+ Kh5 87. Qxg3 Kh6 88. Qg4 Kh7 89. Ke7 Kh6 90. Kf7 Kh7 91. Qh5# {[%emt 0:00:01] Gewichteter Fehlerwert: Weiß=0.24 (präzise) /Schwarz=0.16 (sehr präzise) .  Verlustzug:     	---       	Schwarz=4     Gewinn verpasst:   	Weiß=1     	---        Fehler:       	Weiß=9     	Schwarz=4     Ungenau:       	---       	Schwarz=1     OK:         	Weiß=18    	Schwarz=27    Bester:       	Weiß=1     	Schwarz=4     Stark:        	---       	Schwarz=1} 1-0

[Event "Indian Blitz Championship 2023"]
[Site "Nashik"]
[Date "2024.03.07"]
[Round "8.9"]
[White "Srihari L R"]
[Black "Vaz, Ethan"]
[Result "0-1"]
[ECO "D03"]
[WhiteElo "2490"]
[BlackElo "2409"]
[Annotator "RC"]
[PlyCount "82"]
[EventDate "2024.03.07"]
[EventType "blitz"]
[EventCountry "IND"]
[SourceTitle "playchess.com"]
[Source "ChessBase"]
[SourceQuality "1"]
[TimeControl "180+2"]

1. d4 Nf6 2. Bg5 d5 3. Nd2 Nbd7 4. Ngf3 h6 5. Bh4 g6 6. e3 Bg7 7. Bd3 O-O 8. O-O c5 9. c3 b6 10. Qe2 Bb7 11. e4 dxe4 12. Nxe4 cxd4 13. Nxd4 Nd5 14. Bc2 Nf4 15. Qe3 g5 16. Nxg5 hxg5 17. Bxg5 Ng6 18. Ne6 fxe6 19. Qxe6+ Rf7 20. Bxg6 Ne5 21. Bxf7+ Nxf7 22. Rad1 Qc7 23. Qxe7 Qc6 24. f3 Re8 25. Qd7 Nxg5 26. Qxc6 Bxc6 27. Rd6 Re6 28. Rfd1 Bf8 29. Rxe6 Nxe6 30. h4 Kf7 31. b4 Nf4 32. Kf2 Nd5 33. b5 Nxc3 34. Rc1 Bc5+ 35. Kf1 Bxb5+ 36. Ke1 Nxa2 37. Ra1 Bc4 38. g4 b5 39. Kd2 b4 40. Re1 b3 41. Re5 Bb4+ 0-1

[Event "Indian Blitz Championship 2023"]
[Site "Nashik"]
[Date "2024.03.07"]
[Round "8.10"]
[White "Sengupta, Deep"]
[Black "Abhishek, Kelkar"]
[Result "1-0"]
[ECO "A11"]
[WhiteElo "2500"]
[BlackElo "2182"]
[Annotator "RC"]
[PlyCount "85"]
[EventDate "2024.03.07"]
[EventType "blitz"]
[EventCountry "IND"]
[SourceTitle "playchess.com"]
[Source "ChessBase"]
[SourceQuality "1"]
[TimeControl "180+2"]

1. Nf3 d5 2. e3 Nf6 3. c4 c6 4. Nc3 a6 5. b3 Bf5 6. Bb2 e6 7. d3 h6 8. Be2 Be7 9. O-O O-O 10. Re1 Bh7 11. Bf1 Nbd7 12. a3 a5 13. d4 Ne4 14. Nxe4 Bxe4 15. Nd2 Bg6 16. e4 Nf6 17. e5 Nd7 18. Qf3 Bg5 19. Qc3 Qb6 20. Nf3 Be7 21. c5 Qc7 22. b4 b6 23. Bd3 Bxd3 24. Qxd3 bxc5 25. bxc5 Rfb8 26. Rab1 Nf8 27. Bc3 Ng6 28. g3 a4 29. h4 f5 30. exf6 Bxf6 31. Qxg6 Rb3 32. Rxb3 axb3 33. Rb1 Rxa3 34. Qe8+ Kh7 35. Qxe6 b2 36. Qf5+ Kg8 37. Bxb2 Rb3 38. Bc1 Qb7 39. Rxb3 Qxb3 40. Be3 Qd1+ 41. Kg2 Qe2 42. Qe6+ Kh7 43. Qxc6 1-0

[Event "Indian Blitz Championship 2023"]
[Site "Nashik"]
[Date "2024.03.07"]
[Round "9.1"]
[White "Raja Rithvik R"]
[Black "Ghosh, Diptayan"]
[Result "1/2-1/2"]
[ECO "E06"]
[WhiteElo "2532"]
[BlackElo "2559"]
[Annotator "RC"]
[PlyCount "250"]
[EventDate "2024.03.07"]
[EventType "blitz"]
[EventCountry "IND"]
[SourceTitle "playchess.com"]
[Source "ChessBase"]
[SourceQuality "1"]
[TimeControl "180+2"]

1. d4 Nf6 2. c4 e6 3. Nf3 d5 4. g3 Be7 5. Bg2 O-O 6. O-O a5 7. Qc2 Nc6 8. a3 dxc4 9. Qxc4 a4 10. Nc3 Bd7 11. Ne5 Na5 12. Qd3 Be8 13. Bf4 Nd5 14. Rfd1 f6 15. Nc4 Bg6 16. Be4 Nxc3 17. bxc3 Bxe4 18. Qxe4 Qd5 19. Qxd5 exd5 20. Nxa5 Rxa5 21. Bxc7 Rb5 22. Rdb1 Rxb1+ 23. Rxb1 Bxa3 24. Ra1 Bb2 25. Rxa4 Bxc3 26. Bb6 Rc8 27. Ra7 Rc4 28. e3 Rb4 29. Rxb7 Rb1+ 30. Kg2 h5 31. Rb8+ Kh7 32. Bc7 Rxb8 33. Bxb8 Kg6 34. Kf3 Kf5 35. h3 Bb4 36. g4+ hxg4+ 37. hxg4+ Ke6 38. Ba7 g6 39. Bc5 Ba5 40. Ke2 f5 41. Kf3 Bc7 42. Bb4 Bb8 43. Ba5 Bd6 44. Bd8 Bb8 45. Bg5 Bd6 46. Bf4 Bb4 47. Be5 Be1 48. Ke2 Bb4 49. f3 Ba5 50. Kf2 Bb4 51. Kg3 Be1+ 52. Kh3 Kf7 53. Bg3 Bd2 54. Bf2 Bb4 55. Bg3 Bd2 56. Bf4 Be1 57. Bg5 Ke6 58. Bh4 Bd2 59. Bf2 Bb4 60. Kh4 Be7+ 61. Kg3 Bd6+ 62. Kg2 Bb4 63. Bg3 Bd2 64. Kf2 Bb4 65. Ke2 Ba5 66. Kd3 Bd8 67. e4 fxe4+ 68. fxe4 Bg5 69. e5 Bd8 70. Bf2 Ba5 71. Kc2 Bb4 72. Be3 Ba5 73. Kb3 Be1 74. Ka4 Bh4 75. Kb5 Be7 76. Kc6 Ba3 77. Kc7 Bb4 78. Kd8 Ba3 79. Ke8 Bb4 80. Bh6 Bc3 81. Be3 Bb4 82. Bf2 Ba3 83. Be1 Bb2 84. Bf2 Ba3 85. Be3 Bb4 86. Kd8 Ba3 87. Kc7 Bb4 88. Kc6 Ba3 89. Kb5 Be7 90. Ka4 Bf8 91. Kb3 Be7 92. Kc3 Ba3 93. Kd3 Be7 94. Ke2 Bd8 95. Kf3 Be7 96. Bh6 Bb4 97. Bc1 Bc3 98. Ke3 Bb4 99. Kd3 Be7 100. Kc3 Bf8 101. Kb3 Be7 102. Ba3 Bg5 103. Bc5 Kd7 104. Ka4 Ke6 105. Kb5 Bd8 106. Kc6 Ba5 107. Kb7 Kd7 108. Ka6 Bc3 109. Kb5 Ke6 110. Kb6 Kd7 111. Kb5 Ke6 112. Kc6 Ba5 113. Bb6 Bb4 114. Kc7 Ba3 115. Kd8 Bb4 116. Ke8 Ba3 117. Bc5 Bxc5 118. dxc5 Kxe5 119. Ke7 d4 120. c6 d3 121. c7 d2 122. c8=Q d1=Q 123. Qe6+ Kf4 124. Qxg6 Qxg4 125. Qxg4+ Kxg4 1/2-1/2

[Event "Indian Blitz Championship 2023"]
[Site "Nashik"]
[Date "2024.03.07"]
[Round "9.2"]
[White "Mitrabha, Guha"]
[Black "Ayush Sharma"]
[Result "1-0"]
[ECO "A33"]
[WhiteElo "2526"]
[BlackElo "2311"]
[Annotator "TA"]
[PlyCount "101"]
[EventDate "2024.03.07"]
[EventType "blitz"]
[EventCountry "IND"]
[SourceTitle "playchess.com"]
[Source "ChessBase"]
[SourceQuality "1"]
[TimeControl "180+2"]

1. Nf3 Nf6 2. c4 e6 3. g3 c5 4. Bg2 Nc6 5. O-O Be7 6. d4 cxd4 7. Nxd4 O-O 8. Nc3 a6 9. b3 Qc7 10. Bb2 d6 11. Rc1 Nxd4 12. Qxd4 Bd7 13. Rfd1 Rfd8 14. h4 Rac8 15. Bf3 Qb8 16. Ne4 {[%emt 0:00:41][%cal Re4d6] Die Stellung ist ausgeglichen.} Bc6 17. Kg2 d5 18. cxd5 Rxd5 19. Qe3 {[%emt 0:00:00] Nxf6+ ist eine echte Drohung.} Rxd1 20. Rxd1 Nxe4 21. Bxe4 Bc5 22. Qf3 $40 {[%emt 0:00:06][%mdl 128] und nun wäre Bxc6 stark für Weiss. Weiss greift an.} (22. Qxc5 $2 {verliert.} Bxe4+ 23. f3 Bxf3+ (23... Rxc5 $2 24. fxe4 Rc2 25. Be5 $19) 24. Kxf3 Rxc5 $19) 22... Bxe4 23. Qxe4 Qc7 {[%emt 0:00:03] Es drohte Rd7} 24. Rc1 {[%emt 0:00:10] Droht stark b4.} Qc6 25. Qxc6 Rxc6 $11 {[%emt 0:00:01][%mdl 4096] Endspiel. KRB-KRB} 26. Rd1 Rd6 27. Rc1 Rc6 28. Kf3 h5 29. e3 Kf8 {[%emt 0:00:07] [#]} (29... f6 $11 {bleibt in der Remisbreite.}) 30. Ke4 {[%emt 0:00:20] Weiß steht aktiver.} (30. Rxc5 $1 $16 Rxc5 31. Ba3) 30... Bd6 31. Rxc6 bxc6 {[%emt 0:00:01] KB-KB} 32. Kd3 g6 33. Kc4 Ke7 34. Bd4 {[%emt 0:00:04] Zielt auf Bc5 ab.} Kd7 35. Bc5 {[%emt 0:00:02] Droht Bxd6 und aus.} Bc7 36. Kd4 Ba5 {[%emt 0:00:09] Und ...Be1 würde nun gewinnen.} 37. Ke4 Be1 38. Kf3 Bc3 39. Ke2 f5 40. Kf3 Bf6 41. e4 Bc3 42. Ke3 Bb2 43. Bd4 Bc1+ 44. Kf3 Kd6 45. Be3 Bxe3 (45... Ba3 $11 {und Schwarz muss sich keine Sorgen machen.}) 46. Kxe3 {[%emt 0:00:01] KP-KP} Ke5 {[%emt 0:00:03] [#]} 47. exf5 exf5 48. Kd3 $2 ({Besser ist} 48. Kf3 $18) 48... Kd5 $2 (48... f4 $11 49. b4 Kf5) 49. b4 $16 c5 50. Kc3 (50. bxc5 $16 Kxc5 51. Ke3) 50... cxb4+ $19 51. Kxb4 {[%mdl 32768] Gewichteter Fehlerwert: Weiß=0.39/Schwarz=0.26 (präzise) .  Verlustzug:     	Weiß=1     	Schwarz=1     Gewinn verpasst:   	Weiß=1     	---        Fehler:       	Weiß=1     	Schwarz=2     Ungenau:       	Weiß=2     	Schwarz=1     OK:         	Weiß=8     	Schwarz=13    Bester:       	Weiß=2     	Schwarz=2    . Fehler vom Sensorbrett (Ke4/e5)?} 1-0

[Event "Indian Blitz Championship 2023"]
[Site "Nashik"]
[Date "2024.03.07"]
[Round "9.3"]
[White "Vaz, Ethan"]
[Black "Ravi, Teja S."]
[Result "1/2-1/2"]
[ECO "B00"]
[WhiteElo "2409"]
[BlackElo "2437"]
[Annotator "TA"]
[PlyCount "122"]
[EventDate "2024.03.07"]
[EventType "blitz"]
[EventCountry "IND"]
[SourceTitle "playchess.com"]
[Source "ChessBase"]
[SourceQuality "1"]
[TimeControl "180+2"]

1. e4 Nc6 2. d4 d5 3. e5 Bf5 4. Nf3 e6 5. Bd3 Bxd3 6. Qxd3 Qd7 7. a3 f6 8. Bf4 Nge7 9. Bg3 fxe5 10. Nxe5 Nxe5 11. Bxe5 Ng6 12. Bg3 Bd6 13. Nd2 O-O-O 14. O-O Bxg3 15. hxg3 e5 16. dxe5 Nxe5 17. Qe3 Nc6 18. b4 Kb8 19. b5 Na5 20. Rab1 h5 21. Qc3 b6 22. Nf3 g5 23. Nxg5 (23. Rb4 $14) 23... h4 $11 24. Rfe1 hxg3 25. Qxg3 Rdg8 26. f4 Nc4 {[%emt 0:00:07][%mdl 1024] Black has compensation.} 27. a4 (27. Rb3 $1 $11) 27... Qd6 $36 {[%emt 0:00:07][%mdl 2048] Black has strong initiative.} 28. Rbd1 $2 (28. Re2 $17) 28... Qc5+ 29. Kf1 Rh1+ 30. Ke2 Re8+ 31. Kd3 {[%emt 0:00:03] [#]} Re3+ 32. Qxe3 $19 Nxe3 33. Rxh1 Nxd1 (33... Qxc2+ $2 34. Kxe3 Qxg2 35. Nf3 $18) (33... Nxc2 34. Rc1 Qc4+ 35. Kd2 Qxf4+ 36. Kxc2 $19) 34. Rxd1 {[%emt 0:00:01][%mdl 4096] Endgame. KQ-KRN} Qc4+ 35. Ke3 Qxc2 ({But not} 35... Qxa4 36. Rxd5 Qxc2 37. Kf3 $17) (35... a5 $1 $19 36. bxa6 c6 (36... Qxc2 $2 37. Rxd5 Qxg2 38. Nf3 $19)) 36. Rd2 $2 (36. Rxd5 $17 Qxa4 (36... Qxg2 $2 37. Rd4 $19) 37. Ne6) 36... Qb3+ ({Not} 36... Qxa4 37. Rxd5 Qa2 38. Ke4 $19) 37. Rd3 Qxa4 38. Rxd5 Qb3+ 39. Ke4 Qc2+ 40. Ke5 (40. Kf3 {might work better.}) 40... Qxg2 41. Ne6 Qe2+ 42. Kf6 a6 $2 (42... Qc4 $1 $17 43. Re5 Qb4) 43. Rd8+ (43. f5 $1 $11 {keeps the balance.}) 43... Kb7 ({Black should try} 43... Ka7 $1 $17 44. f5 Qh5 (44... Qxb5 45. Nxc7 Qb1 46. Rd7 $17) (44... axb5 45. Ke7 $11) 45. bxa6 c5 (45... Kxa6 46. Nxc7+ Kb7 47. Ne6 $17)) 44. bxa6+ $15 Qxa6 45. Rd7 {[%emt 0:00:01] [#]} (45. f5 $1 $15) 45... Qa1+ ({Better is} 45... Kc6 $1 $19 46. Rxc7+ Kd6) 46. Kf7 {[%emt 0:00:01] [#]} (46. Ke7 $15) 46... b5 $1 $17 {[%emt 0:00:04] Threatens to win with ...b4.} 47. Rxc7+ (47. f5 $17) 47... Kb6 $19 {[%emt 0:00:01] And now ...b4 would win.} 48. Rc8 Qb1 {[%emt 0:00:07] Against f5} (48... Qa7+ $19 49. Rc7 Qa3) 49. Ke7 $15 Qh7+ 50. Kd6 Qd3+ 51. Ke5 Qe2+ 52. Kd6 Qd1+ 53. Ke5 b4 (53... Qe1+ $17 54. Kd6 Qe4 55. Rb8+ Ka5) 54. Rb8+ Ka5 55. Nd4 {[%emt 0:00:01] Against Qe2+} Qe1+ 56. Kd5 {[%emt 0:00:02] The position is equal.} Qh1+ 57. Kc5 Qc1+ 58. Kd5 {[%emt 0:00:02] White threatens Nb3+ and mate.} Qxf4 59. Nc6+ Ka4 {[%emt 0:00:08][%cal Of4b8] Strongly threatening ...Qxb8!} 60. Rxb4+ Qxb4 61. Nxb4 Kxb4 {[%emt 0:00:06] Weighted Error Value: White=0.40/Black=0.48.  Loses game:     	White=2     	---        Missed win:     	---       	Black=1      Mistake:       	White=7     	Black=5      Inaccurate:     	White=3     	Black=5      OK:         	White=20    	Black=13     Best:        	White=8     	Black=2      Strong:       	---       	Black=1} 1/2-1/2

[Event "Indian Blitz Championship 2023"]
[Site "Nashik"]
[Date "2024.03.07"]
[Round "9.4"]
[White "Aakash Sharadchandra, Dalvi"]
[Black "Aronyak Ghosh"]
[Result "0-1"]
[ECO "E15"]
[WhiteElo "2291"]
[BlackElo "2517"]
[Annotator "TA"]
[PlyCount "76"]
[EventDate "2024.03.07"]
[EventType "blitz"]
[EventCountry "IND"]
[SourceTitle "playchess.com"]
[Source "ChessBase"]
[SourceQuality "1"]
[TimeControl "180+2"]

1. d4 Nf6 2. c4 e6 3. Nf3 b6 4. g3 Ba6 5. b3 Bb4+ 6. Bd2 Be7 7. Nc3 d5 8. cxd5 exd5 9. Bg2 O-O 10. O-O Re8 11. a3 Bd6 12. b4 c6 13. Bg5 {[%emt 0:00:17] Die Stellung ist ausgeglichen.} Nbd7 14. Re1 h6 15. Bxf6 Nxf6 16. e3 Bc8 (16... Bb7 {kam in Betracht.}) 17. Qb3 Be6 18. Qb2 Nd7 19. Red1 b5 20. e4 Nb6 21. e5 (21. exd5 $11 Bxd5 22. Qc2) 21... Bf8 22. Ne1 Nc4 23. Qe2 (23. Qb3 $142) 23... a5 24. Nd3 Qb6 {[%emt 0:00:05] [#] Und ...axb4 würde nun gewinnen.} 25. Nc5 Bxc5 26. dxc5 (26. bxc5 $17 Qd8 27. Rdc1) 26... Qc7 27. f4 Bf5 (27... Ra6 $19 28. h3 Rea8) 28. Qf2 $17 Ra7 29. Bf1 (29. Bxd5 $17 {ist eine bessere Verteidigung.} axb4 (29... cxd5 30. Nxb5 Qb8 31. Nxa7 $16) 30. Bxc4 bxc3 31. Bb3) 29... axb4 $19 30. axb4 {[%emt 0:00:01] [#]} Rea8 $1 31. Rxa7 (31. Rac1 $17) 31... Qxa7 32. Bxc4 dxc4 33. Kg2 $2 (33. Qb2) 33... Qa3 34. Qd4 {[%emt 0:00:02] Weiss ist schwach auf den weissen Feldern} Qxb4 35. h3 Ra3 36. Ne4 Ra2+ (36... Qb3 $142 37. Nc3 Qxc3 38. Qxc3 Be4+ (38... Rxc3 $2 39. g4 $19) 39. Kf2 Rxc3) 37. Kh1 Qb3 (37... Bxe4+ $2 38. Qxe4 Rd2 (38... Qxc5 $2 {ist das falsche Schlagen.} 39. Rd8+ $18) 39. Rxd2 Qxd2 40. e6 fxe6 (40... Qc1+ 41. Kg2 $17) 41. Qxe6+ Kf8 42. Qf5+ Ke7 (42... Kg8 $2 43. Qc8+ Kf7 44. Qc7+ Kf8 45. Qb8+ Ke7 46. Qe5+ Kd7 47. Qxg7+ Kc8 48. Qxh6 $19) 43. Qe5+ Kd7 44. Qxg7+ Kc8 45. Qxh6 $19) 38. Re1 Qf3+ {[%emt 0:00:01] Gewichteter Fehlerwert: Weiß=0.92/Schwarz=0.26 (präzise) .  Fehler:       	Weiß=6     	Schwarz=2     Ungenau:       	Weiß=1     	---        OK:         	Weiß=4     	Schwarz=5     Bester:       	Weiß=1     	Schwarz=1     Stark:        	---       	Schwarz=1} 0-1

[Event "Indian Blitz Championship 2023"]
[Site "Nashik"]
[Date "2024.03.07"]
[Round "9.5"]
[White "Hari Madhavan N B"]
[Black "Laxman, R.R."]
[Result "0-1"]
[ECO "A07"]
[WhiteElo "2395"]
[BlackElo "2331"]
[Annotator "TA"]
[PlyCount "96"]
[EventDate "2024.03.07"]
[EventType "blitz"]
[EventCountry "IND"]
[SourceTitle "playchess.com"]
[Source "ChessBase"]
[SourceQuality "1"]
[TimeControl "180+2"]

1. Nf3 Nf6 2. g3 d5 3. Bg2 c6 4. O-O Bg4 5. d3 Nbd7 6. Nbd2 e5 7. h3 Bh5 8. e4 dxe4 9. dxe4 Bc5 10. Qe1 O-O 11. Nh4 Re8 12. Nf5 Bg6 13. Qe2 {[%emt 0:00:05] The position is equal.} Qc7 14. Nb3 Bb6 15. Be3 Bxf5 16. exf5 Bxe3 17. Qxe3 a5 (17... Nd5 $15 18. Qe2 e4) 18. Rad1 (18. Rfe1 $5 ) 18... e4 19. c4 Qe5 20. Nd4 (20. g4 $15 h6 (20... Qxb2 21. g5 $16) 21. Rd4) 20... Nc5 (20... h5 $17 21. Rd2 Qc5) 21. f4 exf3 22. Qxe5 Rxe5 23. Bxf3 Rae8 24. g4 h6 25. Rf2 Re3 {[%emt 0:00:09] Threatens to win with ...Nd3.} 26. Re2 Rxe2 (26... Nd3 $15 27. Rxe3 Rxe3) 27. Nxe2 $11 Re3 28. Kf2 Rd3 29. Nf4 Nfe4+ {[%emt 0:00:11] A dynamic duo of knights.} 30. Kg2 ({White should play} 30. Ke2 $11 Rxd1 31. Kxd1) 30... Rxd1 (30... Rd2+ $15 31. Rxd2 Nxd2) 31. Bxd1 $15 {[%emt 0:00:01][%mdl 4096] Endgame. KBN-KNN} Kf8 32. Bc2 Ke7 33. b3 Nc3 34. a3 a4 35. b4 Nb3 {[%emt 0:00:02] aiming for ...Nd2.} 36. Kf2 b5 37. cxb5 (37. c5 $1 $11) 37... Nxb5 $19 38. Be4 Kd6 ({And not} 38... Nxa3 39. Bxc6 Nd4 40. Bxa4 $16) 39. Nd3 Nd2 40. Bf3 Nxa3 {[%emt 0:00:08] [#] Hoping for ...Nc2.} 41. Nc5 Nxf3 42. Kxf3 {[%emt 0:00:00] KN-KN} Nc2 {[%emt 0:00:02] And now ...a3 would win.} 43. Nxa4 {[%emt 0:00:01] [#]} Nxb4 ({Black should try} 43... Ke5 $1 $19 {[%cal Oe5d4] ...Kd4! would now be deadly.} 44. Nc5 Nxb4) 44. h4 $2 (44. Ke4 $17 {was the only defense.}) 44... Ke5 45. Nc5 Nd5 46. Nd7+ $2 (46. Nb7) 46... Kd6 {[%emt 0:00:01] Black is clearly winning.} 47. Nf8 Ke7 48. Nh7 Nf6 {[%emt 0:00:01] Weighted Error Value: White=0.53/Black=0.14 (very precise) .  Loses game:     	White=2     	---        Mistake:       	White=3     	Black=5      Inaccurate:     	White=2     	Black=2      OK:         	White=10    	Black=15     Best:        	White=2     	Black=2} 0-1

[Event "Indian Blitz Championship 2023"]
[Site "Nashik"]
[Date "2024.03.07"]
[Round "9.6"]
[White "Dixit, Nikhil"]
[Black "Karthik Venkataraman"]
[Result "1-0"]
[ECO "B56"]
[WhiteElo "2334"]
[BlackElo "2609"]
[Annotator "TA"]
[PlyCount "87"]
[EventDate "2024.03.07"]
[EventType "blitz"]
[EventCountry "IND"]
[SourceTitle "playchess.com"]
[Source "ChessBase"]
[SourceQuality "1"]
[TimeControl "180+2"]

1. e4 c5 2. Nf3 Nc6 3. d4 cxd4 4. Nxd4 Nf6 5. Nc3 d6 6. h3 e5 7. Nb3 Be7 8. Be3 Be6 9. Qd2 {[%emt 0:00:06] The position is equal.} a6 10. O-O-O Na5 ({Black should try} 10... a5 $11) 11. g4 $14 h6 12. Kb1 Rc8 13. f3 Nc4 14. Qe1 (14. Bxc4 $16 Bxc4 15. h4) 14... b5 15. Bc1 Qc7 16. Bd3 (16. Nd5 $11 Nxd5 17. exd5) 16... b4 $15 17. Nd5 (17. Ne2 $15 {should be considered.}) 17... Bxd5 $2 ({Better is} 17... Nxd5 $17 18. exd5 Bxd5) 18. exd5 $14 Nxd5 {[%emt 0:00:10] Black is now going downhill.} (18... a5 $1 $14) 19. Bf5 $16 Ncb6 (19... Ndb6 $16 {keeps fighting.}) 20. Bxc8 $18 Qxc8 21. Qe4 Qc6 22. Rd3 Qb5 ({Reject} 22... O-O 23. Rhd1 $18) 23. Rhd1 Nf6 24. Qb7 Nfd7 {[%emt 0:00:01] Repels Qb8+} 25. Be3 Nc4 $2 (25... O-O 26. Bxb6 Rb8) 26. Qc8+ Bd8 27. Rd5 Ncb6 28. Bxb6 Nxb6 29. Rxb5 Nxc8 30. Rb7 O-O 31. Rxb4 {[%emt 0:00:01] White is clearly winning.} f5 32. Rb8 Bc7 33. Ra8 fxg4 34. hxg4 Kf7 35. c4 Ke7 36. c5 Kd7 37. cxd6 Bxd6 38. Nc5+ Ke7 39. Ne4 {[%emt 0:00:03] [#] aiming for Nxd6.} Bc7 40. Rc1 Kd7 41. Nc5+ Kc6 42. Nxa6+ Kb7 43. Nxc7 {[%emt 0:00:01] [#] Threatens to win with Ra3.} Rxf3 44. Ra3 {[%emt 0:00:02] Weighted Error Value: White=0.17 (very precise) /Black=0.42.  Mistake:       	White=3     	Black=5      Inaccurate:     	White=2     	Black=5      OK:         	White=17    	Black=6      Best:        	White=3     	Black=1} 1-0

[Event "Indian Blitz Championship 2023"]
[Site "Nashik"]
[Date "2024.03.07"]
[Round "9.7"]
[White "Arhan Chethan Anand"]
[Black "Sengupta, Deep"]
[Result "1-0"]
[ECO "C18"]
[WhiteElo "2366"]
[BlackElo "2500"]
[Annotator "RC"]
[PlyCount "71"]
[EventDate "2024.03.07"]
[EventType "blitz"]
[EventCountry "IND"]
[SourceTitle "playchess.com"]
[Source "ChessBase"]
[SourceQuality "1"]
[TimeControl "180+2"]

1. e4 e6 2. d4 d5 3. Nc3 Bb4 4. e5 c5 5. a3 Bxc3+ 6. bxc3 Nc6 7. Qg4 g6 8. Nf3 Qa5 9. Bd2 Bd7 10. Qh4 h6 11. c4 Qc7 12. cxd5 exd5 13. c3 Be6 14. Be2 Nge7 15. O-O O-O-O 16. dxc5 d4 17. cxd4 Nf5 18. Qe4 Nfxd4 19. Nxd4 Rxd4 20. Qe3 Rhd8 21. Bc3 R4d5 22. Bc4 R5d7 23. Bxe6 fxe6 24. Qxh6 Rd3 25. Rac1 Qf7 26. Qg5 R8d5 27. h4 Rxc5 28. Bb4 Rxc1 29. Rxc1 Rd5 30. Bd6 Kd7 31. Qe3 Qf5 32. Rxc6 Kxc6 33. Qc3+ Kb6 34. Bc7+ Ka6 35. Qc4+ Rb5 36. Qa4+ 1-0

[Event "Indian Blitz Championship 2023"]
[Site "Nashik"]
[Date "2024.03.07"]
[Round "9.8"]
[White "Nitin, S.."]
[Black "Jinan Jomon"]
[Result "0-1"]
[ECO "A09"]
[WhiteElo "2338"]
[BlackElo "2380"]
[Annotator "RC"]
[PlyCount "156"]
[EventDate "2024.03.07"]
[EventType "blitz"]
[EventCountry "IND"]
[SourceTitle "playchess.com"]
[Source "ChessBase"]
[SourceQuality "1"]
[TimeControl "180+2"]

1. Nf3 d5 2. g3 e6 3. Bg2 c5 4. O-O Nc6 5. c4 d4 6. e3 Bd6 7. exd4 cxd4 8. d3 e5 9. Re1 Nge7 10. Nbd2 O-O 11. Ne4 Bc7 12. a3 a5 13. Rb1 f5 14. Ned2 a4 15. b4 axb3 16. Nxb3 Kh8 17. Nh4 Ng6 18. Nf3 h6 19. Nfd2 Qf6 20. Qf3 Qe7 21. Qh5 Qf6 22. Qf3 Ra7 23. Bb2 Qf7 24. h4 e4 25. dxe4 Nge5 26. Qd1 fxe4 27. Nxe4 Bg4 28. Qc1 Bf3 29. Nbd2 Bxg2 30. Kxg2 Raa8 31. Qc2 Rae8 32. c5 Nf3 33. Rf1 Nxd2 34. Nxd2 Re2 35. Qc4 Rxd2 36. Qxf7 Rxf7 37. Bc1 Rc2 38. Rxb7 Ne5 39. Bf4 Rxc5 40. Re1 Nd3 41. Re8+ Kh7 42. Bd6 Rc6 43. Rc8 Rxd6 44. Rcxc7 Rxc7 45. Rxc7 Ne5 46. f4 Ng4 47. Kf3 d3 48. Rc1 Nf6 49. Ke3 Kg6 50. Rd1 Ra6 51. Rxd3 Kf5 52. Kf3 h5 53. Rb3 Ra5 54. Re3 Ng4 55. Rb3 Rc5 56. a4 Rc2 57. Rb5+ Kg6 58. Rb6+ Nf6 59. a5 Ra2 60. a6 Ra4 61. Ke3 Kf5 62. Kf3 Ra3+ 63. Kf2 Ne4+ 64. Ke2 Nxg3+ 65. Kd2 Kxf4 66. Rg6 Nf5 67. Kc2 Nxh4 68. Kb2 Ra5 69. Rb6 Nf5 70. Kb3 Ra1 71. Kb2 Ra5 72. Kb3 Nd4+ 73. Kb4 Ra1 74. Kc5 Nf5 75. Rb4+ Kg5 76. Kb5 h4 77. Ra4 Nd6+ 78. Ka5 Rxa4+ 0-1